 Dungeon Crawl Stone Soup version 0.16.2-12-gd0ad4c3 (webtiles) character file.

246 pigpen the Grave Robber (level 5, -4/35 HPs)
             Began as a Vampire Necromancer on Oct 2, 2015.
             Slain by an ogre
             ... wielding a +0 giant club
             ... summoned by a shadow trap
             ... triggered by an orc wizard
              (12 damage)
             ... on level 5 of the Dungeon on Oct 3, 2015.
             The game lasted 00:24:56 (5385 turns).

pigpen the Grave Robber (Vampire Necromancer)       Turns: 5385, Time: 00:24:57

Health: -4/35      AC:  7    Str:  7    XL:     5   Next: 84%
Magic:  0/9        EV: 16    Int: 18    God:
Gold:   147        SH:  0    Dex: 14    Spells: 2 memorised, 6 levels left

rFire  . . .     SeeInvis +     p - +1 mace (protect)
rCold  + . .     Clarity  .     a - +0 robe
rNeg   + + .     SustAb   .     (no shield)
rPois  +         Gourm    .     (no helmet)
rElec  .         Spirit   .     (no cloak)
rCorr  .         Warding  .     (no gloves)
rMut   .         Stasis   .     (no boots)
MR     .....                    (no amulet)
Stlth  +++.......               (no ring)
                                j - +4 ring of evasion

@: regenerating slowly, not resistant to hostile enchantments, fairly stealthy
A: bottle blood, fangs 3, see invisible, unbreathing
a: Bat Form


You were on level 5 of the Dungeon.
You were thirsty.

You visited 1 branch of the dungeon, and saw 5 of its levels.

You collected 147 gold pieces.

Inventory:

Hand weapons
 e - a +0 short sword
 p - a +1 mace of protection (weapon)
 u - a +0 short sword
Missiles
 r - 8 poisoned needles (quivered)
Armour
 a - a +0 robe (worn)
 k - a +0 naga barding
 z - a +0 helmet
 A - a cursed +0 scale mail
Jewellery
 j - a +4 ring of evasion (left hand)
Magical devices
 t - a wand of random effects (31)
 v - a wand of polymorph (18)
Scrolls
 g - 2 scrolls of enchant armour {unknown}
 i - a scroll of fear {unknown}
 l - 3 scrolls of enchant weapon {unknown}
 m - a scroll of identify {unknown}
 n - 3 scrolls of teleportation {unknown}
 q - a scroll of noise {unknown}
 s - 2 scrolls of blinking {unknown}
 y - a scroll of remove curse {unknown}
Potions
 d - a potion of ambrosia {unknown}
 h - a potion of degeneration {unknown}
 o - 2 potions of lignification {unknown}
 w - 2 potions of curing {unknown}
 x - a potion of agility {unknown}
Books
 b - a book of Necromancy

   Spells                             Type                      Level
   a - Pain                           Necromancy                   1
   b - Animate Skeleton               Necromancy                   1
   c - Vampiric Draining              Necromancy                   3
   d - Regeneration                   Charms/Necromancy            3
   e - Animate Dead                   Necromancy                   4
   f - Control Undead                 Necromancy                   4
Comestibles
 f - a bread ration


   Skills:
 - Level 2.1 Dodging
 * Level 3.8 Stealth
 - Level 2.0 Spellcasting
 + Level 7.6 Necromancy


You had 6 spell levels left.
You knew the following spells:

 Your Spells              Type           Power        Failure   Level  Hunger
a - Pain                  Necr           ####         1%          1    #......
b - Animate Skeleton      Necr           N/A          1%          1    #......


Dungeon Overview and Level Annotations

Branches:
Dungeon (5/15)
 Temple: D:4-7

Altars:

Annotations:
D:3 pigpen's ghost, average DDFi
D:4 Menkaure


Innate Abilities, Weirdness & Mutations

You heal slowly.
You can bottle blood from corpses.
You have razor-sharp teeth.
You have supernaturally acute eyesight.
You can survive without breathing.


Message History

Okay, then.
Use e to drain blood from corpses.
You see here a bread ration.
You closely miss the goblin.
The goblin is moderately wounded.
Shadows whirl around the orc wizard...
The goblin hits you but does no damage.
The orc wizard casts a spell.
The orc wizard blinks!
Casting: Pain
Confirm with . or Enter, or press ? or * to list all spells.
Aiming: Pain
Press: ? - help, Shift-Dir - straight line, f - goblin
Aim: a goblin, wielding a dagger (moderately wounded, summoned, chance 93%)
The goblin convulses in agony!
You kill the goblin!
The goblin's corpse disappears in a puff of smoke!
You hit the ogre.
The ogre is moderately wounded.
The ogre hits you with a giant club!
You die...

#.....##..#
#.....#..#########
#....#.........
##.
##.....########
......##.o####
>.........^a#
#####.#..##g# #
#..##O#####
#...#@....#
..#.#####..... #..
.# #. #.. .. ...
.. . .


You could see an ogre, a worker ant and a hobgoblin.

Vanquished Creatures
  A hound (D:5)
  An orc wizard (D:5)
  3 worker ants
  2 adders
  3 gnolls (D:2)
  2 giant mites
  2 worms
  An adder skeleton (D:4)
  4 giant geckos
  3 oozes
  4 orcs
  11 bats
  6 giant cockroaches
  6 goblins
  7 hobgoblins
  3 jackals (D:3)
  A quokka (D:2)
  3 giant newts
  8 kobolds
  6 rats
  A plant (D:1)
78 creatures vanquished.

Vanquished Creatures (collateral kills)
  An adder (D:1)
  A bat (D:1)
  A rat (D:1)
3 creatures vanquished.

Vanquished Creatures (others)
  An orc wizard (D:5)
  3 bat skeletons
  2 giant newt skeletons (D:3)
  2 jackal skeletons (D:3)
  A kobold skeleton (D:1)
  An orc skeleton (D:4)
10 creatures vanquished.

Grand Total: 91 creatures vanquished

Notes
Turn   | Place    | Note
--------------------------------------------------------------
     0 | D:1      | pigpen, the Vampire Necromancer, began the quest for the Orb.
     0 | D:1      | Reached XP level 1. HP: 13/13 MP: 3/3
     4 | D:1      | Learned a level 1 spell: Animate Skeleton
   613 | D:1      | Reached XP level 2. HP: 17/19 MP: 1/4
   624 | D:1      | Reached skill level 5 in Necromancy
  1185 | D:1      | Reached XP level 3. HP: 17/24 MP: 4/6
  2180 | D:2      | Reached skill level 6 in Necromancy
  2194 | D:2      | Reached XP level 4. HP: 10/30 MP: 0/7
  3443 | D:3      | Noticed pigpen's ghost (average DDFi)
  4272 | D:4      | Reached XP level 5. HP: 18/35 MP: 7/9
  4277 | D:4      | Reached skill level 7 in Necromancy
  5004 | D:4      | Noticed Menkaure
  5011 | D:5      | Entered Level 5 of the Dungeon
  5360 | D:5      | Noticed an ogre
  5385 | D:5      | Slain by an ogre

Action                   |  1- 3 |  4- 6 || total
-------------------------+-------+-------++-------
Melee: Unarmed           |   231 |       ||   231
       Short sword       |    16 |       ||    16
       Mace              |     1 |    40 ||    41
 Cast: Pain              |    54 |    92 ||   146
       Animate Skeleton  |     5 |     9 ||    14
  Use: Potion            |     4 |     5 ||     9
 Stab: Sleeping          |       |     1 ||     1
